AoeStats
← 海峡

Black Forest

509331358Analyzed
4v4 RM · 6d ago on Sep 26, 2026· 47m 25s· 8 players
Game mode
Random Map
Map size
Large (8 player)
Population
200
Speed
Normal
Resources
Standard
Victory
Conquest
Starting age
Dark Age
Ending age
Imperial Age
RankedLock teamsTeams togetherTeam positionsShared explorationLock speedFull tech treeHidden civsTurbo modeCheats
Victory
Defeat
🇨🇳 Franks · China
1268
+16
🇨🇳 Mongols · China
1242
+17
🇹🇷 Persians · Türkiye
1241
+17
🇨🇳 Armenians · China
1413
-22
🇷🇺 Slavs · Russia
1238
-16
🇨🇳 Mongols · China
1233
-16
🇨🇳 Danes · China
1207
-15
2987052186
2:42 Loom
7:04 Loom
11:19 Feudal Age
12:45 Double-Bit Axe
15:46 Castle Age
17:16 Bow Saw
22:36 Wheelbarrow
29:45 Imperial Age
27:56 Hand Cart
30:11 Husbandry
29:46 Cavalier
30:50 Scale Barding Armor
30:57 Forging
31:50 Chivalry
32:10 Conscription
31:13 Paladin
32:49 Ordonnance Companies
34:10 Chain Barding Armor
34:34 Iron Casting
36:57 Plate Barding Armor
37:23 Blast Furnace
36:52 Heavy Mounted Crossbowman
36:52 Cranequins
39:27 Scale Mail Armor
39:31 Padded Archer Armor
40:01 Ballistics
41:20 Leather Archer Armor
40:56 Fletching
41:13 Caravan
42:45 Bodkin Arrow
Viner
10:35 Feudal Age
11:44 Double-Bit Axe
11:39 Horse Collar
14:33 Castle Age
16:28 Wheelbarrow
16:22 Bow Saw
21:15 Heavy Plow
21:08 Stone Mining
21:09 Gold Mining
24:14 Stone Shaft Mining
24:50 Gold Shaft Mining
25:00 Hand Cart
25:55 Fletching
26:06 Padded Archer Armor
26:40 Loom
26:41 Town Watch
28:07 Ballistics
30:45 Imperial Age
28:59 Ballistics
29:05 Bodkin Arrow
29:51 Leather Archer Armor
31:22 Thumb Ring
31:29 Bloodlines
31:19 Husbandry
32:16 Parthian Tactics
32:13 Conscription
31:15 Elite Mangudai
32:33 Town Patrol
32:53 Bracer
33:27 Caravan
34:23 Siege Engineers
35:21 Chemistry
35:07 Drill
34:55 Siege Engineers
36:53 Capped Ram
38:47 Siege Ram
42:35 Nomads
43:11 Hoardings
16岁少女在公交车上被11个大汉轮流让座
0:58 Loom
12:59 Feudal Age
15:08 Double-Bit Axe
17:25 Castle Age
15:40 Horse Collar
15:56 Gold Mining
18:46 Bow Saw
24:11 Wheelbarrow
23:40 Heavy Plow
28:51 Gold Shaft Mining
28:07 Stone Mining
30:27 Hand Cart
34:08 Imperial Age
31:38 Treadmill Crane
32:18 Ballistics
32:03 Caravan
32:36 Squires
33:50 Scale Mail Armor
34:00 Forging
35:11 Chain Mail Armor
34:21 Elite Varangian Guard
34:47 Gambesons
34:48 Arson
35:12 Onager
36:46 Masonry
36:42 Siege Engineers
37:38 Chemistry
36:56 Pikeman
38:57 Plate Mail Armor
39:02 Iron Casting
40:55 Two-Man Saw
40:28 Halberdier
41:44 Crop Rotation
41:18 Halberdier
41:52 Fletching
42:03 Padded Archer Armor
42:31 Conscription
41:32 Shield Wall
42:48 Hoardings
42:23 Town Watch
sweetyboy
0:42 Loom
12:50 Feudal Age
21:07 Castle Age
20:10 Double-Bit Axe
24:52 Fishing Lines
25:54 Horse Collar
26:07 Fishing Lines
36:57 Imperial Age
35:04 Wheelbarrow
37:04 Hand Cart
36:55 Heavy Plow
37:06 Bow Saw
38:18 Crop Rotation
37:52 Elite War Elephant
38:55 Conscription
39:05 Gillnets
40:54 Forging
40:50 Scale Barding Armor
41:07 Gold Mining
41:50 Bloodlines
41:42 Husbandry
42:40 Stone Mining
43:28 Gold Shaft Mining
43:55 Iron Casting
43:41 Chain Barding Armor
45:36 Stone Shaft Mining
46:32 Blast Furnace
48:38 Plate Barding Armor
还有遗憾吗
11:11 Feudal Age
17:16 Castle Age
15:07 Double-Bit Axe
15:05 Horse Collar
17:12 Gold Mining
25:11 Loom
25:20 Stone Mining
31:56 Gold Shaft Mining
34:41 Stone Shaft Mining
34:18 Bow Saw
34:12 Heavy Plow
34:49 Fletching
35:15 Thumb Ring
36:06 Bodkin Arrow
36:11 Padded Archer Armor
37:58 Leather Archer Armor
38:06 Ballistics
38:00 Husbandry
38:10 Bloodlines
38:33 Forging
38:29 Scale Barding Armor
42:22 Imperial Age
40:28 Wheelbarrow
39:38 Town Watch
39:51 Murder Holes
40:07 Masonry
40:08 Fortified Wall
40:24 Light Cavalry
41:32 Chain Barding Armor
41:47 Iron Casting
43:58 Conscription
42:59 Elite Mangudai
44:52 Chemistry
44:36 Parthian Tactics
44:36 Bracer
44:21 Hussar
45:04 Elite Mangudai
冰石戟
0:47 Loom
13:08 Feudal Age
16:54 Castle Age
14:54 Double-Bit Axe
17:09 Horse Collar
17:12 Fishing Lines
18:12 Squires
17:59 Arson
27:19 Gillnets
28:05 Gold Mining
28:27 Heavy Plow
29:53 Redemption
30:16 Bow Saw
31:34 Forging
32:30 Wheelbarrow
35:22 Imperial Age
35:06 Hand Cart
35:55 Murder Holes
36:12 Masonry
36:13 Fletching
36:23 Padded Archer Armor
37:06 Ballistics
36:44 Gambesons
36:33 Pikeman
37:16 Scale Mail Armor
38:04 Thumb Ring
37:19 Cranequins
38:38 Iron Casting
38:53 Heavy Mounted Crossbowman
39:57 Town Watch
40:20 Bodkin Arrow
40:40 Leather Archer Armor
41:42 Caravan
42:19 Town Patrol
42:00 Capped Ram
42:59 Bracer
43:30 Ring Archer Armor
44:13 Chemistry
43:19 Siege Engineers
43:02 Elite Varangian Guard
44:00 Chain Mail Armor
44:46 Blast Furnace
43:48 Siege Ram
六六六
0:34 Loom
12:50 Feudal Age
18:10 Castle Age
16:04 Double-Bit Axe
25:31 Fishing Lines
25:44 Stone Mining
25:45 Gold Mining
25:39 Horse Collar
27:48 Gillnets
30:53 Bow Saw
30:46 Heavy Plow
31:25 Gold Shaft Mining
33:50 Imperial Age
31:56 Wheelbarrow
31:07 Town Watch
32:04 Town Patrol
32:37 Forging
32:32 Scale Barding Armor
33:55 Hand Cart
34:22 Iron Casting
33:55 Husbandry
34:05 Bloodlines
35:12 Chain Barding Armor
35:19 Conscription
34:20 Elite Boyar
35:29 Detinets
35:37 Druzhina
36:40 Blast Furnace
36:51 Two-Man Saw
37:11 Crop Rotation
37:18 Plate Barding Armor
38:36 Caravan
39:07 Coinage
41:47 Banking
海峡
10:21 Feudal Age
10:29 Man-at-Arms
11:23 Long Swordsman
15:32 Double-Bit Axe
17:15 Fishing Lines
20:48 Scale Mail Armor
21:04 Forging
21:38 Pikeman
24:22 Loom
25:33 Wheelbarrow
24:52 Gold Mining
28:34 Castle Age
28:36 Two-Handed Swordsman
29:02 Gambesons
29:17 Squires
29:03 Arson
29:38 Gillnets
29:51 Light Cavalry
31:15 Chain Mail Armor
31:55 Gold Shaft Mining
31:34 Bow Saw
31:03 Champion
32:32 Iron Casting
33:33 Hand Cart
38:43 Imperial Age
Connection lost

Rejoining the realm…

Still unreachable

The connection could not be restored.

Session expired

The server has moved on; the page needs a fresh start.